 Dungeon Crawl Stone Soup version 0.20.1-1-g8b1a95d66d (webtiles) character file.

197 4FPSwarrior the Firebug (level 5, -4/37 HPs)
             Began as a Demonspawn Fire Elementalist on Dec 17, 2017.
             Killed from afar by an orc wizard (5 damage)
             ... with a magic dart
             ... on level 4 of the Dungeon.
             The game lasted 00:17:55 (3164 turns).

4FPSwarrior the Firebug (DsFE)                      Turns: 3164, Time: 00:17:55

Health: -4/37      AC:  3    Str:  8    XL:     5   Next: 46%
Magic:  0/10       EV: 12    Int: 22    God:
Gold:   164        SH:  0    Dex: 13    Spells: 3/10 levels left

rFire    + . .     SeeInvis .   n - +0 blowgun
rCold    x . .     Gourm    .   (no shield)
rNeg     . . .     Faith    .   a - +0 robe
rPois    .         Spirit   .   (no helmet)
rElec    .         Reflect  .   (no cloak)
rCorr    .         Harm     .   (no gloves)
MR       .....                  (no boots)
Stlth    ++........             (no amulet)
Regen    0.2/turn               d - ring of fire
MPRegen  0.2/turn               f - +4 ring of intelligence

@: about to teleport, very slightly contaminated
A: rugged brown scales 1, powered by pain 1
a: no special abilities


You were on level 4 of the Dungeon.
You were not hungry.

You visited 1 branch of the dungeon, and saw 4 of its levels.

You collected 164 gold pieces.

Inventory:

Hand Weapons
 n - a +0 blowgun (weapon)
Missiles
 l - 36 sling bullets
 o - 16 poisoned needles (quivered)
Armour
 a - a +0 robe (worn)
Jewellery
 d - a ring of fire (left hand)
 f - a +4 ring of intelligence (right hand)
 p - an uncursed ring of protection from magic
Scrolls
 e - 4 scrolls of identify
 g - 2 scrolls of random uselessness {unknown}
 j - 2 scrolls of teleportation
 k - 2 scrolls of remove curse {unknown}
 q - 3 scrolls of immolation {unknown}
 s - 3 scrolls of fog {unknown}
 u - 2 scrolls of enchant armour {unknown}
Potions
 m - a potion of berserk rage {unknown}
 r - a potion of might {unknown}
 t - a potion of degeneration {unknown}
Books
 b - a book of Flames

   Spells                             Type                      Level
   a - Flame Tongue                   Conjuration/Fire             1
   b - Throw Flame                    Conjuration/Fire             2
   c - Conjure Flame                  Conjuration/Fire             3
   d - Inner Flame                    Hexes/Fire                   3
   e - Sticky Flame                   Conjuration/Fire             4
   f - Fireball                       Conjuration/Fire             5
Comestibles
 c - 4 bread rations
 h - a meat ration
 v - 16 fruits
 w - 3 chunks of flesh


   Skills:
 + Level 0.6 Fighting
 + Level 1.2 Throwing
 + Level 1.9 Dodging
 + Level 2.1 Stealth
 + Level 3.4 Spellcasting
 + Level 1.8 Conjurations
 * Level 1.4 Hexes
 + Level 3.5 Fire Magic


You had 3 spell levels left.
You knew the following spells:

 Your Spells              Type           Power        Failure   Level  Hunger
a - Flame Tongue          Conj/Fire      ###..        4%          1    None
b - Conjure Flame         Conj/Fire      ###.....     12%         3    ###....
c - Inner Flame           Hex/Fire       ###.....     13%         3    ###....


Dungeon Overview and Level Annotations

Branches:
Dungeon (4/15)
 Temple: D:4-7

Altars:
Sif Muna
Trog
Vehumet


Innate Abilities, Weirdness & Mutations

You are partially covered in rugged brown scales. (AC +1, +3% HP)
You sometimes gain a little power by taking damage.


Message History

It is a scroll of identify.
j - 3 scrolls of teleportation The orc wizard looks more healthy.
The orc wizard closely misses you.
The orc wizard hits you but does no damage.
The orc wizard hits you with an enchanted dagger.
* * * LOW HITPOINT WARNING * * *
As you read the scroll of teleportation, it crumbles to dust.
You feel strangely unstable. The orc wizard barely misses you.
The orc wizard mumbles some strange words.
The orc wizard seems to speed up.
Casting: Flame Tongue
Confirm with . or Enter, or press ? or * to list all spells.
Aiming: Flame Tongue
Press: ? - help, Shift-Dir - straight line, f - orc wizard, p - orc wizard
Aim: an orc wizard, wielding a dagger and wearing a robe (heavily wounded, fast)
You feel a surge of power!
The flame tongue hits the orc wizard.
The orc wizard is heavily wounded.
The orc wizard gestures at you while chanting.
The magic dart hits you!
You die...

##(.........#
#.(.........
##(.........
#.......##
##(#....#
#))##.##
##(#### #oo#
#.@# ####


You could see 2 orc wizards.

Vanquished Creatures
  An orc priest (D:4)
  An orc wizard (D:4)
  An iguana (D:3)
  4 adders
  An ooze (D:1)
  3 worms
  A dart slug (D:3)
  2 orcs
  4 giant cockroaches
  9 goblins
  7 hobgoblins
  5 jackals
  4 kobolds
  3 ball pythons
  9 bats
  3 frilled lizards
  3 rats
61 creatures vanquished.

Notes
Turn   | Place    | Note
-------+----------+-------------------------------------------
     0 | D:1      | 4FPSwarrior the Demonspawn Fire Elementalist began the quest for the Orb.
     0 | D:1      | Reached XP level 1. HP: 13/13 MP: 3/3
   198 | D:1      | Gained mutation: You are partially covered in rugged brown scales. (AC +1, +3% HP) [demonic ancestry]
   198 | D:1      | Reached XP level 2. HP: 8/19 MP: 0/5
   761 | D:2      | Found a radiant altar of Vehumet.
   802 | D:2      | Reached XP level 3. HP: 24/24 MP: 4/7
   814 | D:2      | Learned a level 3 spell: Conjure Flame
  1768 | D:3      | Reached XP level 4. HP: 30/30 MP: 1/8
  1845 | D:3      | Learned a level 3 spell: Inner Flame
  2746 | D:3      | Found a deep blue altar of Sif Muna.
  2756 | D:3      | Found a bloodstained altar of Trog.
  3080 | D:3      | Gained mutation: You sometimes gain a little power by taking damage. [demonic ancestry]
  3080 | D:3      | Reached XP level 5. HP: 37/37 MP: 8/10
  3150 | D:4      | Reached skill level 1 in Throwing
  3150 | D:4      | Reached skill level 1 in Hexes
  3162 | D:4      | HP: 1/37 [orc wizard/enchanted dagger (5)]
  3164 | D:4      | Killed from afar by an orc wizard

Skill      XL: |  1  2  3  4  5 |
---------------+----------------+-----
Fire Magic     | 3 |  3.5
Spellcasting   | 3 |  3.4
Stealth        | 2 |  2.1
Throwing       | 1 |  1.2
Hexes          | 1 |  1.4
Fighting       | |  0.6
Dodging        | |  1.9
Conjurations   | |  1.8

Action                   |  1- 3 |  4- 6 || total
-------------------------+-------+-------++-------
Melee: Unarmed           |    40 |       ||    40
       Blowgun           |       |     4 ||     4
 Fire: Blowgun           |       |    46 ||    46
 Cast: Flame Tongue      |    72 |    38 ||   110
       Conjure Flame     |     2 |     3 ||     5
       Inner Flame       |       |     4 ||     4
  Use: Scroll            |       |     2 ||     2
       Potion            |       |     2 ||     2
  Eat: Chunk             |     3 |     5 ||     8
Armor: Robe              |    22 |     3 ||    25
Dodge: Dodged            |    59 |    16 ||    75
